[Event "Late-Titled-Tuesday-Blitz-October-17-2023"]
[Site "Chess.com"]
[Date "2023.10.17"]
[Round "4"]
[White "wgraif"]
[Black "AsaHoffmann"]
[Result "1-0"]
[WhiteElo "2513"]
[BlackElo "2335"]
[TimeControl "180+1"]
[EndTime "14:39:28 PDT"]
[Termination "wgraif won by resignation"]

1. e4 d6 2. Nc3 c6 3. f4 g6 4. Nf3 Bg7 5. d3 b5 6. h3 Nf6 7. g4 b4 8. Ne2 a5 9. Bg2 Qb6 10. f5 Nfd7 11. Bg5 h6 12. Bd2 Bxb2 13. Rb1 Bg7 14. fxg6 fxg6 15. Nf4 Nf8 16. Qe2 Nbd7 17. Be3 Qb5 18. O-O Ba6 19. Nh4 g5 20. Nh5 Be5 21. Nf5 Ne6 22. c4 Qb7 23. d4 Bf6 24.
e5 dxe5 25. d5 Nd8 26. d6 Ne6 27. dxe7 Bxe7 28. Nhg7+ Nxg7 29. Nxg7+ Kd8 30. Rbd1 Ra7 31. Rf7 b3 32. axb3 Qxb3 33. Bxa7 Bxc4 34. Qd2 Qb7 35. Be3 Bxf7 36. Nf5 Bb4 37. Qf2 Rf8 38. Qc2 Bd5 39. Bxd5 cxd5 40. Qb3 d4 41. Bf2 Qc6 42. Qb2 Qc3 43.
Qe2 Qxh3 44. Rc1 Rxf5 45. gxf5 Qxf5 46. Qc4 Qe4 47. Qg8+ Ke7 48. Qg7+ Ke6 49. Qg8+ Kf6 50. Rf1 Ke7 51. Bg3 Qe3+ 52. Kh2 Qe2+ 53. Rf2 Qh5+ 54. Kg2 e4 55. Qg7+ Kd8 56. Qg8+ Ke7 57. Qg7+ Ke6 58.
Qxd4 Bc5 59. Qxe4+ 1-0

[Event "Late-Titled-Tuesday-Blitz-October-17-2023"]
[Site "Chess.com"]
[Date "2023.10.17"]
[Round "4"]
[White "zverr1"]
[Black "stefan_95"]
[Result "0-1"]
[WhiteElo "2515"]
[BlackElo "2729"]
[TimeControl "180+1"]
[EndTime "14:39:29 PDT"]
[Termination "stefan_95 won on time"]

1. e4 c5 2. Nf3 d6 3. Nc3 Nf6 4. e5 dxe5 5. Nxe5 g6 6. Bc4 e6 7. Qf3 Bg7 8. Bb5+ Kf8 9. d3 Qd4 10. Nc4 Qg4 11. Qe3 Nbd7 12. O-O h5 13. h3 Qh4 14. Ne5 Qd4 15. Nxd7+ Bxd7 16. Qg3 Bxb5 17. Nxb5 Qd7 18. a4 a6 19. Na3 b5 20. axb5 axb5 21. Be3 Rc8 22. c4 b4 23. Nb5 Qxd3 24. Ra7 Kg8 25. Nd6 Rf8 26. Bxc5 Qxc4 27. Nxc4 Rc8 28. Ra5 Ne4 29. Qe3 f5 30. f3 Bh6 31. Qd4 Bg7 32. Ne5 Ng3 33. Re1 Kh7 34. Ra7 Rhd8 35. Qh4 Rxc5 36. Qe7 Rg8 37. Nf7 Rc2 38. Ng5+ Kh6 39.
Nf7+ Kh7 40. Qxe6 Rxb2 41. Ng5+ Kh6 42. Nf7+ Kh7 43. Ne5 Ne2+ 44. Kh2 Nf4 45. Kh1 Nxe6 46. Ra6 Nf4 47. g3 Nxh3 48. Nxg6 Nf2+ 49. Kg1 Bd4 50. Nf4 Nd3+ 0-1

[Event "Late-Titled-Tuesday-Blitz-October-17-2023"]
[Site "Chess.com"]
[Date "2023.10.17"]
[Round "4"]
[White "acertijo08"]
[Black "maximnovik"]
[Result "1/2-1/2"]
[WhiteElo "2342"]
[BlackElo "2503"]
[TimeControl "180+1"]
[EndTime "14:39:31 PDT"]
[Termination "Game drawn - insufficient material"]

1. e4 c6 2. d4 d5 3. Nd2 dxe4 4.
Nxe4 Bf5 5. Ng3 Bg6 6. h4 h6 7.
Nf3 e6 8. Ne5 Bh7 9. c3 Nd7 10. f4 Be7 11. Be3 Bxh4 12. Bf2 Bxg3 13. Bxg3 Ngf6 14. Bd3 Bxd3 15. Qxd3 Qa5 16. O-O O-O 17.
f5 Rad8 18. fxe6 Nxe5 19. Bxe5 Qxe5 20. dxe5 Rxd3 21. exf6 fxe6 22. fxg7 Rxf1+ 23. Rxf1 Rd2 24. Rf6 Kxg7 25. Rxe6 Rxb2 26. a4 h5 27. Kh2 Kf7 28.
Rh6 Ke7 29. Rxh5 Kd6 30. Rh7 a5 31. Kh3 Kc5 32. g4 Kc4 33. g5 Rb1 34. Kg2 Rb2+ 35. Kh3 Rb1 36. Kh2 c5 37. g6 Rb6 38. Rh4+ Kxc3 39.
Rg4 Rc6 40. g7 Rc8 41. g8=Q Rxg8 42. Rxg8 Kb4 43. Rg5 Kxa4 44. Rxc5 b5 45. Kg2 Kb4 46. Rc8 a4 47. Kf2 a3 48. Ke2 a2 49. Ra8 Kb3 50. Kd3 b4 51. Ra7 Kb2 52. Kc4 b3 53. Ra8 Kc2 54. Ra3 a1=Q 55. Rxa1 b2 56. Ra2 Kc1 57.
Rxb2 Kxb2 1/2-1/2

[Event "Late-Titled-Tuesday-Blitz-October-17-2023"]
[Site "Chess.com"]
[Date "2023.10.17"]
[Round "4"]
[White "German_Bazeev"]
[Black "Artyom_ChessMate"]
[Result "1-0"]
[WhiteElo "2797"]
[BlackElo "2524"]
[TimeControl "180+1"]
[EndTime "14:39:32 PDT"]
[Termination "German_Bazeev won by resignation"]

1. c4 e6 2. Nf3 d5 3. g3 Nf6 4.
Bg2 Be7 5. O-O O-O 6. b3 b6 7. Bb2 Bb7 8. cxd5 Nxd5 9. Nc3 Bf6 10. Qc1 c5 11. Rd1 Nxc3 12. dxc3 Qe7 13. Qf4 Nc6 14.
e4 g5 15. Qe3 h6 16. e5 Bg7 17. h3 Rfd8 18. c4 Nb4 19. Rxd8+ Rxd8 20. Qe2 Qd7 21. a3 Nc6 22. Ne1 Qd2 23. Kf1 Na5 24. Bxb7 Nxb7 25. Qxd2 Rxd2 26. Bc3 Rd7 27. Ke2 Nd8 28. f4 gxf4 29.
gxf4 Nc6 30. Nf3 Kf8 31. h4 Ke7 32. h5 Bf8 33. Rg1 a6 34. Rg8 b5 35. Nd2 Rb7 36. Ne4 bxc4 37. bxc4 Rb3 38. Kd2 Rxa3 39. Nxc5 Ra2+ 40.
Kd3 Rh2 41. Ne4 Rh3+ 42. Kc2 Rxh5 43. Bb2 Rh2+ 44. Kb3 a5 45. Ba3+ Nb4 46. Ka4 Ra2 47. Nc3 Ra1 48. Nb5 f5 49. Kxa5 Kf7 50. Rxf8+ Kxf8 51. Kxb4 Kf7 52. Kc5 Rf1 53. Kb6 Rxf4 54. c5 Rc4 55. Nd6+ Ke7 56. Nxc4 h5 57. c6+ Kd8 58. c7+ 1-0

[Event "Late-Titled-Tuesday-Blitz-October-17-2023"]
[Site "Chess.com"]
[Date "2023.10.17"]
[Round "4"]
[White "koncheto"]
[Black "GadimbayliA"]
[Result "1-0"]
[WhiteElo "2566"]
[BlackElo "2816"]
[TimeControl "180+1"]
[EndTime "14:39:34 PDT"]
[Termination "koncheto won by resignation"]

1. e4 e5 2. Nf3 d5 3. exd5 e4 4.
Qe2 Nf6 5. d3 Bb4+ 6. c3 O-O 7.
dxe4 Bd6 8. Bg5 Re8 9. g3 Nbd7 10.
Nbd2 h6 11. Bxf6 Nxf6 12. Bg2 Nxd5 13. O-O Nf6 14. Rfe1 Bg4 15. Rad1 Qc8 16. Qd3 Qe6 17. e5 Bxe5 18. Rxe5 Qxe5 19. Nxe5 Bxd1 20. Ndf3 Rad8 21.
Qc4 Re7 22. h3 c6 23. Ng4 Ne4 24. Nd4 Ng5 25. Kh2 Re1 26. Ne3 Bh5 27. h4 Nh7 28. Ndf5 Nf6 29. Qf4 Ne8 30. Qe5 Bg6 31. Ne7+ Kf8 32.
Nxg6+ fxg6 33. Be4 Rd6 34. Nc4 Rf6 35. Qc5+ Kg8 36.
Bg2 b6 37. Qd4 c5 38. Qd5+ Kh7 39. Qd2 Re7 40. Ne3 Ref7 41. Kg1 h5 42. Be4 Nd6 43. Bd3 Rf3 44. Nd5 c4 45. Bc2 Rd7 46. Nf4 Rd8 47.
Bxg6+ Kh8 48. Bxh5 Nf7 49. Qxd8+ Nxd8 50. Bxf3 Nf7 51.
Bd5 Ne5 52. Kf1 g5 53. hxg5 Kg7 54. Ke2 Kf8 55. Be4 Ke7 56. Ng6+ Kd6 57. Nxe5 Ke6 58. g6 Kxe5 59. g7 Kxe4 60. g8=Q 1-0

[Event "Late-Titled-Tuesday-Blitz-October-17-2023"]
[Site "Chess.com"]
[Date "2023.10.17"]
[Round "4"]
[White "Sokoloco"]
[Black "Fdpo95"]
[Result "1-0"]
[WhiteElo "2710"]
[BlackElo "2498"]
[TimeControl "180+1"]
[EndTime "14:39:34 PDT"]
[Termination "Sokoloco won by resignation"]

1. b3 Nf6 2. Bb2 g6 3. c4 Bg7 4. Nf3 O-O 5. g3 d5 6. cxd5 Nxd5 7. Bxg7 Kxg7 8. Bg2 c5 9. Qc2 b6 10. Nc3 Bb7 11.
O-O Nd7 12. Nxd5 Bxd5 13. e4 Bb7 14. d4 cxd4 15. Nxd4 Rc8 16. Qb2 Kg8 17. Rfd1 Qe8 18. Ne2 Nc5 19. Nc3 Ne6 20. Nd5 Bxd5 21. exd5 Nc5 22. d6 exd6 23. Rxd6 Qe7 24. Rad1 Rfd8 25.
Qd4 Ne6 26. Qe5 Rxd6 27. Qxd6 Qxd6 28. Rxd6 Rc1+ 29. Bf1 Rc2 30. a4 Kf8 31. Bc4 Ke7 32. Rd5 h5 33. h4 Rc3 34. Rd3 Rxd3 35. Bxd3 Nc5 36. Bc4 f6 37. Kg2 Kd6 38. Bf7 g5 39. Bxh5 gxh4 40. gxh4 Nxb3 41. Be8 Nd4 42. h5 Nf5 43.
Kf3 Ke5 44. Bg6 Nh6 45. Ke3 a6 46. f4+ Kd5 47. Kd3 b5 48. a5 f5 49. Be8 Kc5 50. Kc3 Kd5 51. Kb4 Kd4 52. Bxb5 axb5 53. a6 Ke4 54. a7 Kxf4 55. a8=Q Kg5 56. Qe8 Ng4 57.
Qg6+ Kf4 58. h6 Kg3 59. h7 f4 60. h8=Q f3 61. Qhg7 f2 62. Qxg4+ 1-0

[Event "Late-Titled-Tuesday-Blitz-October-17-2023"]
[Site "Chess.com"]
[Date "2023.10.17"]
[Round "4"]
[White "Lennis93"]
[Black "Msb2"]
[Result "0-1"]
[WhiteElo "2700"]
[BlackElo "3070"]
[TimeControl "180+1"]
[EndTime "14:39:35 PDT"]
[Termination "Msb2 won on time"]

1. c4 e6 2. g3 d5 3. Bg2 Nf6 4. Nf3 Nc6 5. O-O Bd6 6. Qc2 O-O 7. d4 dxc4 8. Qxc4 e5 9. d5 Ne7 10. e4 h6 11. Nc3 a6 12. a4 Ng6 13. Be3 Bd7 14.
Bc5 Ne8 15. b4 b6 16. Bxd6 Nxd6 17. Qe2 f5 18. exf5 Rxf5 19. Nd2 Rf8 20. Nde4 Nf5 21. Qc4 Kh8 22. b5 axb5 23. Nxb5 Bxb5 24. axb5 Rxa1 25. Rxa1 Nd4 26. Ra7 Ne7 27. Qxc7 Qxc7 28. Rxc7 Nxd5 29. Rb7 Nxb5 30. Ng5 Nbc3 31. Nf7+ Kg8 32.
Nxe5 Ra8 33. Bh3 Re8 34. f4 Ne2+ 35. Kg2 Nexf4+ 36. gxf4 Nxf4+ 37. Kg3 Nh5+ 38. Kf3 Rxe5 39. Rxb6 Nf6 40. Be6+ Kh7 41. Bc4 Kg6 42. Rb7 Rg5 43.
Bd3+ Kh5 44. Ra7 Kh4 45. Bf1 Rf5+ 46. Kg2 Nd5 47. Ra4+ Kg5 48. Bc4 Ne3+ 49. Kg3 Rf4 50. Ra5+ Nf5+ 51. Kg2 Rg4+ 52. Kf3 Rxc4 53. Kg2 Rg4+ 54.
Kh3 Rh4+ 55. Kg2 Rb4 56. Kh3 Rb3+ 57. Kg2 h5 58. Kf2 Rb2+ 59. Kf3 Rxh2 60. Ra7 g6 0-1

[Event "Late-Titled-Tuesday-Blitz-October-17-2023"]
[Site "Chess.com"]
[Date "2023.10.17"]
[Round "4"]
[White "icy"]
[Black "NotFischer"]
[Result "1-0"]
[WhiteElo "2405"]
[BlackElo "2254"]
[TimeControl "180+1"]
[EndTime "14:39:37 PDT"]
[Termination "icy won by resignation"]

1. Nf3 g6 2. g3 Bg7 3. Bg2 Nf6 4. O-O d6 5. d4 O-O 6. Re1 Nbd7 7. e4 e5 8. Nc3 c6 9. b3 Qc7 10. Ba3 Rd8 11.
dxe5 Nxe5 12. Bb2 Bg4 13. Nb1 Re8 14. Nbd2 Rad8 15. h3 Nxf3+ 16. Nxf3 Bc8 17. Nd4 Qb6 18. Qd2 Nh5 19. c4 a5 20. Nf3 Nxg3 21. Bxg7 Kxg7 22. Qc3+ f6 23. e5 Nh5 24. exd6 Nf4 25. c5 Qb4 26.
Qxb4 axb4 27. Kh2 Nd3 28. Re7+ Kf8 29. Rxh7 Nxc5 30. Nh4 Kg8 31. Re7 Rxe7 32. dxe7 Re8 33. Rd1 Kg7 34. Rd8 Kf7 35. Nxg6 Bd7 36. Rxe8 Bxe8 37.
Nf4 Kxe7 38. h4 Bf7 39. h5 Nd7 40. Be4 Nf8 41. h6 Bg8 42. Ng6+ Nxg6 43. Bxg6 c5 44. h7 Bxh7 45. Bxh7 b5 46. Bd3 c4 47. bxc4 bxc4 48. Bxc4 Kd6 49. Bb3 Kc5 50. Kg3 Kd4 51. Kf3 Kc3 52.
Kf4 Kb2 53. Kf5 Ka3 54. Kxf6 Kb2 55. f4 Kc3 56. f5 Kd3 57. Kg6 Ke4 58. f6 Ke5 59. f7 Kd6 60. f8=Q+ 1-0

[Event "Late-Titled-Tuesday-Blitz-October-17-2023"]
[Site "Chess.com"]
[Date "2023.10.17"]
[Round "4"]
[White "Chesstrainer1"]
[Black "LaPiToB"]
[Result "1-0"]
[WhiteElo "2498"]
[BlackElo "2307"]
[TimeControl "180+1"]
[EndTime "14:39:42 PDT"]
[Termination "Chesstrainer1 won by resignation"]

1. d4 Nf6 2. c4 e6 3. g3 d5 4. Bg2 dxc4 5. Nf3 c5 6. O-O Nc6 7. dxc5 Qxd1 8. Rxd1 Bxc5 9. Nbd2 c3 10. bxc3 O-O 11. Nb3 Be7 12. Nfd4 Bd7 13. a4 Rfc8 14. Nb5 Be8 15. a5 a6 16. Nd6 Rd8 17. Bf4 e5 18. Nxe8 exf4 19. Nxf6+ Bxf6 20. Bxc6 bxc6 21. gxf4 Bxc3 22.
Rxd8+ Rxd8 23. Rc1 Bb4 24. Rxc6 h6 25. Rb6 Rd1+ 26.
Kg2 Bc3 27. Rxa6 Rb1 28. Rb6 Bxa5 29. Rb5 Bc3 30. Nd4 Re1 31. Nf5 Rxe2 32. Rb8+ Kh7 33.
Rb7 Kg6 34. Nh4+ Kh5 35. Nf3 Bf6 36. Rxf7 Kg6 37. Rb7 Ra2 38. Kg3 Ra3 39. Rb6 h5 40. h3 h4+ 41. Kg4 Ra4 42. Ne5+ Kh7 43. Nf7 Kg8 44. Ng5 Kf8 45. Rb8+ Ke7 46. Rb7+ Kd6 47. f3 Kc6 48. Rf7 Kd6 49. Kxh4 Rxf4+ 50. Kh5 Bxg5 51.
Rxg7 Bf6 52. Rg6 Ke5 53. Rg3 Rxf3 54. Rxf3 Ke6 55. Rg3 Be7 56. Rg4 Kf5 57. h4 Bf6 58.
Rg5+ Bxg5 59. hxg5 Ke6 60. Kg6 Ke7 61. Kh7 Kf8 62.
g6 Ke7 63. g7 Kf6 64. g8=Q Kf5 65. Qg7 Kf4 66. Qh6+ 1-0

[Event "Late-Titled-Tuesday-Blitz-October-17-2023"]
[Site "Chess.com"]
[Date "2023.10.17"]
[Round "4"]
[White "jcibarra"]
[Black "subham777"]
[Result "1-0"]
[WhiteElo "2908"]
[BlackElo "2566"]
[TimeControl "180+1"]
[EndTime "14:39:43 PDT"]
[Termination "jcibarra won by resignation"]

1. e4 e6 2. d4 d5 3. Nc3 Nf6 4. Bg5 Be7 5. e5 Nfd7 6. Bxe7 Qxe7 7. Qg4 O-O 8. Bd3 c5 9. Nf3 f5 10. exf6 Nxf6 11. Qh4 Nc6 12. dxc5 Qxc5 13. O-O-O Bd7 14.
Rhe1 Rae8 15. Ne5 Nxe5 16. Rxe5 Bc6 17. f4 g6 18. Rg5 Kg7 19. Qg3 Rf7 20. h4 Kh8 21. Qe1 Nd7 22. g3 Qf8 23. h5 gxh5 24. Rxh5 Rg7 25. Qf2 Nf6 26. Rh4 Ng4 27. Qxa7 e5 28.
fxe5 Nxe5 29. Qd4 Nxd3+ 30. Qxd3 Qf2 31. Rdh1 Re1+ 32. Nd1 Rxh1 33. Rxh1 Qxg3 34. Rxh7+ Kg8 35. Rxg7+ Qxg7 36. c3 Qg5+ 37. Qd2 Qg4 38. b3 Qe4 39. Kb2 Be8 40. Ne3 Bc6 41. Nc2 Kf7 42. Nd4 Ke7 43.
a4 Kd6 44. Qh2+ Kd7 45. Qf2 Qe7 46. Qf5+ Kc7 47. Qf4+ Kd7 48. a5 Qh7 49. Nf5 Qg6 50.
Ka3 Qf6 51. Kb2 Qg6 52. Nd4 Qg2+ 53. Ka3 Qg6 54. Qf5+ Qxf5 55. Nxf5 Kc7 56. Kb4 b6 57. a6 Kb8 58. Ne7 Kc7 59. Nxc6 Kxc6 60. Ka4 Kc5 61. a7 1-0

[Event "Late-Titled-Tuesday-Blitz-October-17-2023"]
[Site "Chess.com"]
[Date "2023.10.17"]
[Round "4"]
[White "ritanovikova"]
[Black "sari07"]
[Result "0-1"]
[WhiteElo "2104"]
[BlackElo "2335"]
[TimeControl "180+1"]
[EndTime "14:39:47 PDT"]
[Termination "sari07 won on time"]

1. e4 e5 2. Nf3 Nc6 3. Bc4 Nf6 4.
Nc3 Nxe4 5. Nxe4 d5 6. Bd3 dxe4 7. Bxe4 Bd6 8. d4 Nxd4 9. Nxd4 exd4 10. Qxd4 O-O 11.
Be3 Qe7 12. O-O-O Re8 13. Bd3 Bd7 14. Rhe1 Qe5 15. Qh4 h6 16. g3 Qa5 17. Bc4 Be6 18.
Bxe6 Rxe6 19. Kb1 Rae8 20. c3 Qa6 21. Qg4 Bc5 22. Bd2 Qd3+ 23. Kc1 Bxf2 24. Rxe6 Rxe6 25. Qf4 Be3 26. Bxe3 Qxe3+ 27. Qxe3 Rxe3 28. Rd2 Kf8 29. Kc2 Ke7 30. Kb3 f5 31. Kc4 g5 32. Rf2 Ke6 33.
Kd4 Re4+ 34. Kd3 Ke5 35. h3 f4 36. gxf4+ gxf4 37. Rh2 Re3+ 38. Kd2 Ke4 39. h4 h5 40. Rg2 f3 41. Rg7 Re2+ 42. Kd1 Rxb2 43. Re7+ Kd3 44. Rd7+ Ke3 45. Re7+ Kd3 46. Rd7+ Kxc3 47.
Rxc7+ Kd3 48. Rd7+ Ke3 49. Re7+ Kf4 50. Rf7+ Kg4 51.
Kc1 Rxa2 52. Kb1 Re2 53. Rg7+ Kxh4 54. Kc1 f2 55. Rf7 Re1+ 56. Kd2 f1=Q 0-1

[Event "Late-Titled-Tuesday-Blitz-October-17-2023"]
[Site "Chess.com"]
[Date "2023.10.17"]
[Round "4"]
[White "lamomiajunior"]
[Black "Zhigalko_Sergei"]
[Result "0-1"]
[WhiteElo "2743"]
[BlackElo "2959"]
[TimeControl "180+1"]
[EndTime "14:39:51 PDT"]
[Termination "Zhigalko_Sergei won by resignation"]

1. d4 Nf6 2. c4 e6 3. Nc3 Bb4 4. e3 O-O 5. Bd2 b6 6. Nf3 Bb7 7. Bd3 Bxc3 8. Bxc3 Ne4 9. Bxe4 Bxe4 10. d5 f6 11. O-O e5 12. d6 c5 13. Qe2 Nc6 14.
Rad1 Qe8 15. Nd2 Bc2 16. Rc1 Bg6 17. Rfd1 Qe6 18. Nf1 Rae8 19. Ng3 f5 20. b3 Qf7 21. Qd2 f4 22. exf4 exf4 23. Nf1 f3 24. Qd5 fxg2 25. Qxf7+ Rxf7 26. Kxg2 Re2 27. Rd2 Rfxf2+ 28. Kg3 Rg2+ 29.
Kf4 Nd8 30. Rxe2 Rxe2 31. Re1 Ne6+ 32. Kf3 Nd4+ 33. Kg3 Rxe1 34. Bxe1 Bb1 35. Bf2 Nf5+ 36. Kf4 Nxd6 37. a3 Ne4 38. Bh4 Kf7 39. Bd8 Ke6 40.
Bc7 g5+ 41. Ke3 d5 42. cxd5+ Kxd5 43. Bb8 a6 44. Ke2 Ke6 45. Ne3 Nf6 46. Ba7 Nd7 47. Nc4 b5 48. Ne3 Be4 49. b4 c4 50. Nd1 Bg6 51.
Ke3 Nf6 52. Kd4 Kd6 53. Ne3 Kc6 54. Bb8 Ne4 55. Ng4 Nd2 56. Ne5+ Kb7 57. Bd6 Nb1 58.
a4 Na3 59. axb5 Nxb5+ 60. Kc5 Nxd6 61. Kd4 Kb6 62. Kc3 Bd3 63. Nd7+ Kc6 64. Nf6 Nb5+ 0-1

[Event "Late-Titled-Tuesday-Blitz-October-17-2023"]
[Site "Chess.com"]
[Date "2023.10.17"]
[Round "4"]
[White "TimGrutter03"]
[Black "Elbebiber"]
[Result "1-0"]
[WhiteElo "2554"]
[BlackElo "2143"]
[TimeControl "180+1"]
[EndTime "14:39:52 PDT"]
[Termination "TimGrutter03 won on time"]

1. e4 d5 2. exd5 Nf6 3. Nc3 Nxd5 4. Qh5 Nf6 5. Qh4 Bf5 6. d3 e6 7. Nf3 Be7 8. Qa4+ c6 9. Nh4 Bg6 10. Nxg6 hxg6 11. Bf4 Nbd7 12. d4 Nb6 13. Qb3 Qxd4 14. Be3 Qb4 15. Be2 Nfd5 16. Bd2 Qxb3 17. axb3 a6 18. Ne4 O-O 19. h4 Nd7 20. O-O-O Nc5 21. Ng5 Rfd8 22. f3 Nd7 23. h5 gxh5 24. Rxh5 g6 25. Rh3 N7f6 26. Rdh1 Kg7 27. Bd3 Nh5 28. g3 Bxg5 29. Bxg5 f5 30. g4 Nhf6 31. Bc4 Rh8 32. Bxf6+ Nxf6 33. Bxe6 Rxh3 34. Rxh3 fxg4 35. Bxg4 Nxg4 36.
fxg4 Rf8 37. Kd2 Rf4 38. Rg3 Kf6 39. Ke3 g5 40. Rg1 Ke5 41. c3 c5 42. Rg2 b5 43.
Rg1 a5 44. Ra1 Rxg4 45. Rxa5 Kd6 46. Rxb5 Rg3+ 47. Kf2 Rh3 48. Kg2 Rd3 49. Rb6+ Kd5 50. Rg6 Rd2+ 51. Kf3 Rxb2 52. Rxg5+ Kd6 53. Ke4 Rxb3 54.
Rg6+ Kd7 55. c4 Rb1 56. Kd5 Rf1 57. Rg7+ Kd8 58. Kxc5 Rf6 59. Kd5 Kc8 60. c5 Rh6 61. Kc4 Rf6 62. Kb5 Rh6 63. Rg1 Rh2 64. Rd1 Rb2+ 65.
Kc6 1-0

[Event "Late-Titled-Tuesday-Blitz-October-17-2023"]
[Site "Chess.com"]
[Date "2023.10.17"]
[Round "4"]
[White "KorolDimitriy75"]
[Black "WilliamAlfaroCaracas"]
[Result "0-1"]
[WhiteElo "2343"]
[BlackElo "2197"]
[TimeControl "180+1"]
[EndTime "14:39:52 PDT"]
[Termination "WilliamAlfaroCaracas won by resignation"]

1. d4 Nf6 2. c4 g6 3. Nc3 Bg7 4.
e4 O-O 5. Nf3 d6 6. Be2 e5 7.
dxe5 dxe5 8. Qxd8 Rxd8 9. Bg5 Re8 10. O-O-O Bg4 11. Nd5 Nxd5 12. cxd5 Nd7 13. Ng1 Nf6 14. f3 Bd7 15. Bc4 b5 16. Bb3 a5 17. Ne2 c6 18.
dxc6 Bxc6 19. Rd6 a4 20. Bxf6 axb3 21. a3 Bxf6 22. Rxf6 Rac8 23. Kb1 Red8 24. Rc1 Rd2 25. Ng3 Bd7 26. Rxc8+ Bxc8 27. Rc6 Rd1+ 28. Rc1 Rxc1+ 29.
Kxc1 Kf8 30. Kd2 Ke7 31. Kc3 Be6 32. Kb4 Bc4 33. Nh1 Bf1 34. Nf2 Bxg2 35. Nd3 Bxf3 36. Nxe5 Bxe4 37. Kxb5 Ke6 38. Nc6 f5 39. Nd4+ Ke5 40.
Nxb3 f4 41. Nd2 f3 42. a4 f2 43. a5 Kf4 44. Kb6 Ke3 45. Nf1+ Ke2 46. Ng3+ Kf3 47. Nf1 Kg2 48. Ne3+ Kg1 49. a6 g5 50. a7 h5 51.
Kc7 g4 52. b4 h4 53. b5 g3 54. hxg3 h3 55. b6 h2 56. b7 Bxb7 57. Kxb7 h1=Q+ 58. Kb8 Qh8+ 59. Kb7 Qg7+ 60. Kb6 Qf6+ 61. Kc7 Qe7+ 62. Kb8 Qxe3 63. a8=Q Qe8+ 64. Kb7 Qxa8+ 65. Kxa8 f1=Q 66. g4 Qf4 67. g5 Qxg5 0-1

[Event "Late-Titled-Tuesday-Blitz-October-17-2023"]
[Site "Chess.com"]
[Date "2023.10.17"]
[Round "4"]
[White "VincentKeymer"]
[Black "Bauman_Guy"]
[Result "1-0"]
[WhiteElo "3095"]
[BlackElo "2869"]
[TimeControl "180+1"]
[EndTime "14:39:53 PDT"]
[Termination "VincentKeymer won by resignation"]

1. a3 g6 2. d4 Bg7 3. e4 c5 4.
d5 d6 5. Nc3 Nf6 6. h3 O-O 7.
Nf3 e6 8. Bc4 exd5 9. Bxd5 Nxd5 10. Nxd5 Re8 11. O-O Nc6 12. Re1 h6 13. c3 Be6 14. Bf4 Ne5 15. Nxe5 dxe5 16. Be3 b6 17. c4 Rc8 18. Qc2 Qh4 19. f3 f5 20.
Rad1 Kh7 21. a4 fxe4 22. Qxe4 Qg3 23. Bf2 Qg5 24. Bh4 Qf5 25. Qe2 g5 26. Bg3 Qg6 27.
b3 Bf5 28. Nc3 Rcd8 29. Rxd8 Rxd8 30. Ne4 Rd4 31. Nf2 Rd7 32. Qe3 h5 33. Bxe5 Re7 34. f4 gxf4 35. Qxf4 Qe6 36. g4 Bxe5 37. Qxf5+ Qxf5 38.
gxf5 Bh2+ 39. Kf1 Rxe1+ 40. Kxe1 Kh6 41. Ne4 Be5 42. Ke2 Kg7 43. Kf3 Kf7 44. Ng3 Kf6 45. Nxh5+ Kxf5 46. Ng3+ Kg5 47. Ne4+ Kh4 48. Kg2 Kh5 49.
Nd2 Bf6 50. Nf3 Be7 51. Kg3 Bd6+ 52. Kf2 Kg6 53. Ke3 Kf5 54. Ng1 Bf4+ 55. Kd3 Bd6 56. Ne2 Kg5 57. Nc3 Kh4 58. Ke4 Kxh3 59. Kd5 Bf4 60.
Kc6 Kg4 61. Nb5 a6 62. Nc3 a5 63. Kxb6 Bd2 64. Ne4 Bb4 65. Nxc5 Kf4 66. Na6 1-0

[Event "Late-Titled-Tuesday-Blitz-October-17-2023"]
[Site "Chess.com"]
[Date "2023.10.17"]
[Round "4"]
[White "protectiago"]
[Black "Chessbard1972"]
[Result "0-1"]
[WhiteElo "2072"]
[BlackElo "2331"]
[TimeControl "180+1"]
[EndTime "14:39:53 PDT"]
[Termination "Chessbard1972 won on time"]

1. d4 Nf6 2. c4 g6 3. Nc3 Bg7 4. e4 d6 5. Nf3 O-O 6. Be2 Na6 7. O-O c5 8. Be3 Ng4 9. Bg5 h6 10. Bh4 cxd4 11. Nxd4 Bxd4 12. Qxd4 e5 13. Bxd8 exd4 14. Bxg4 dxc3 15. Bxc8 cxb2 16. Rab1 Rxc8 17. Be7 Rfe8 18. Bxd6 Rxe4 19. Rxb2 b6 20. Rd2 Rexc4 21. g3 Rd8 22. Rfd1 Rd7 23. Kg2 h5 24. Be5 Rxd2 25.
Rxd2 Rc8 26. Rd7 Ra8 27. Bd6 Kg7 28. Be5+ Kf8 29. Bd6+ Kg8 30. Kf3 Kg7 31. Be5+ Kf8 32. Bd6+ Kg8 33. Kf4 Nc5 34. Bxc5 bxc5 35. Rc7 Rb8 36.
Rxa7 Rb2 37. f3 Rxh2 38. a4 Ra2 39. a5 Kg7 40. Ke4 Ra3 41. a6 Kf6 42. g4 h4 43.
Ra8 h3 44. a7 h2 45. Rh8 Rxa7 46. Rxh2 Ke6 47. Rd2 Ra4+ 48. Ke3 g5 49. Rd3 f6 50. Rd2 Ke5 51. Rd8 Ra3+ 52. Ke2 c4 53. Rd7 Kf4 54.
Rd4+ Kg3 55. Rxc4 Rxf3 56. Rc6 Kxg4 57. Rc4+ Rf4 58. Rc3 f5 59. Rc1 Re4+ 60. Kf2 f4 61. Rg1+ Kf5 62. Ra1 Rb4 63. Ra5+ Kg4 64. Kg2 Rb2+ 65.
Kf1 f3 66. Ra4+ Kg3 67. Ra1 Rh2 68. Kg1 f2+ 0-1

[Event "Late-Titled-Tuesday-Blitz-October-17-2023"]
[Site "Chess.com"]
[Date "2023.10.17"]
[Round "4"]
[White "Russian_berezka"]
[Black "Sanan_Sjugirov"]
[Result "0-1"]
[WhiteElo "2698"]
[BlackElo "2953"]
[TimeControl "180+1"]
[EndTime "14:39:59 PDT"]
[Termination "Sanan_Sjugirov won on time"]

1. d4 Nf6 2. Bf4 b6 3. e3 Bb7 4. Nf3 g6 5. h3 Bg7 6. Be2 O-O 7. O-O d6 8. c3 Nbd7 9. Nbd2 e6 10. Bh2 Qe7 11. Bd3 e5 12. dxe5 dxe5 13. Bc2 Rad8 14. Qe2 e4 15. Nd4 Nc5 16. b4 Nd3 17. Nxe4 Nxe4 18. Bxd3 Nxc3 19. Qc2 Nd5 20. a3 c5 21. bxc5 bxc5 22. Nb5 Nxe3 23. Rae1 Qg5 24. fxe3 Rxd3 25. Bf4 Qd5 26. e4 Qb3 27. Qxb3 Rxb3 28. Nd6 Ba6 29. Rf3 Bd4+ 30. Kh1 Rxf3 31. gxf3 Rb8 32.
Nxf7 Rf8 33. Nh6+ Kg7 34. Bg5 Rxf3 35. Ng4 h5 36. Nh2 Rxh3 37. Kg2 Rxa3 38. Nf3 Bb7 39. Nxd4 cxd4 40. Kf2 Ra2+ 41. Kg3 Ra5 42. e5 Ra3+ 43.
Kh2 Ra5 44. Rb1 Be4 45. Bf6+ Kf7 46. Rb8 d3 47. Rd8 Ke6 48. Rd6+ Kf5 49. Kg3 g5 50. Kf2 Ra2+ 51. Ke3 Re2+ 52. Kd4 d2 53. Kc3 h4 54. Rxd2 Rxd2 55. Kxd2 h3 56. e6 Kxe6 57. Bxg5 h2 58. Be3 h1=Q 59. Bd4 Qf3 60. Be3 Qg2+ 61. Kc3 Qc2+ 62.
Kb4 Bd5 63. Bd4 Qc4+ 0-1

[Event "Late-Titled-Tuesday-Blitz-October-17-2023"]
[Site "Chess.com"]
[Date "2023.10.17"]
[Round "4"]
[White "PushingpawnsNYC"]
[Black "Chessdreamer2020"]
[Result "1-0"]
[WhiteElo "2336"]
[BlackElo "2483"]
[TimeControl "180+1"]
[EndTime "14:40:00 PDT"]
[Termination "PushingpawnsNYC won on time"]

1. e4 d6 2. d4 Nf6 3. Nc3 c6 4. a4 e5 5. a5 Nbd7 6. Nf3 Be7 7. g3 O-O 8. Bg2 Qc7 9. O-O Re8 10. Re1 Nf8 11. h3 Ng6 12. Bg5 h6 13. Be3 Bf8 14.
Qd2 Bd7 15. Nh2 exd4 16. Bxd4 Qd8 17. f4 c5 18. Bf2 Bc6 19. Ng4 Nxg4 20. hxg4 Qc7 21.
Nd5 Bxd5 22. exd5 Rxe1+ 23. Rxe1 Qd7 24. Bf3 Re8 25. Rxe8 Qxe8 26. Qd3 Qa4 27. Be4 Ne7 28. Be1 Qa1 29. Qc3 Qd1 30. Bf3 Qc1 31. Kf2 Ng6 32. Bd2 Qb1 33. b3 Be7 34. Be4 Bf6 35. Qd3 Ne7 36. Qb5 Bd4+ 37. Ke2 Ng6 38. Qe8+ Nf8 39. c3 Qxb3 40. cxd4 cxd4 41. g5 hxg5 42. fxg5 Qxg3 43.
Bd3 Qg2+ 44. Kd1 Qxd5 45. Qe4 Qb3+ 46. Bc2 Qc4 47. Qxb7 Qf1+ 48. Be1 d3 49. Bxd3 Qxd3+ 50. Bd2 Qf1+ 51. Kc2 Qc4+ 52. Kd1 Qa4+ 53. Kc1 Qc4+ 54. Kd1 Qd4 55. Qc8 g6 56. a6 Kg7 57. Kc2 Qa4+ 58. Kc1 Qa3+ 59. Kc2 Qa4+ 60. Kb2 Qb5+ 61. Kc2 1-0

[Event "Late-Titled-Tuesday-Blitz-October-17-2023"]
[Site "Chess.com"]
[Date "2023.10.17"]
[Round "4"]
[White "Yushko_Olga"]
[Black "Artem_Koval"]
[Result "1/2-1/2"]
[WhiteElo "2168"]
[BlackElo "2422"]
[TimeControl "180+1"]
[EndTime "14:40:08 PDT"]
[Termination "Game drawn by repetition"]

1. d4 d5 2. c4 e5 3. e3 Nc6 4. Nf3 exd4 5. exd4 Nf6 6. Nc3 Bg4 7. Be2 dxc4 8. O-O Be7 9. Bxc4 Bxf3 10. Qxf3 Qxd4 11.
Bb5 O-O 12. Bxc6 bxc6 13. Qxc6 Bd6 14. Qf3 Rab8 15. g3 h6 16. Be3 Qc4 17. Rab1 a5 18.
Rfc1 Qd3 19. Rd1 Qc2 20. Rd2 Qg6 21. Rbd1 h5 22. Bf4 Bxf4 23. Qxf4 Rb7 24. b3 Ng4 25. h3 Nf6 26. Nd5 Nxd5 27. Rxd5 Ra8 28. Rd8+ Rxd8 29. Rxd8+ Kh7 30. Rd7 f6 31. Kh2 Qc2 32. Qf3 Rb5 33. Rxc7 Qxc7 34. Qd3+ Kh6 35. Qxb5 Qc2 36. Kg2 Qxa2 37. Qc4 Qa1 38. Qf4+ Kg6 39. Qe4+ Kh6 40. Qe3+ Kh7 41. Qc5 Kh6 42. h4 Qe1 43. Qd5 Qc3 44. Qe6 Kg6 45. Qe8+ Kh6 46. Qe6 Qe5 47.
Qc4 f5 48. Kf3 g6 49. Qf4+ Qxf4+ 50. Kxf4 Kg7 51. Kg5 Kf7 52. f3 Kg7 53. g4 fxg4 54. fxg4 hxg4 55. Kxg4 Kh6 56. Kg3 Kh5 57. Kh3 g5 58.
hxg5 Kxg5 59. Kg3 Kf5 60. Kf3 Ke5 61. Ke3 Kd5 62. Kd3 Kc5 63. Kc3 Kb5 64. Kc2 Kc5 65.
Kc3 Kd5 66. Kb2 Kd4 67. Kc2 Kc5 68. Kc3 1/2-1/2